 Dungeon Crawl Stone Soup version 0.26-a0-738-g91b530ce93 (webtiles) character file.

Game seed: 216672737077956585

100 GordonOverkill the Chiller (level 4, 0/33 HPs)
             Began as a Barachi Ice Elementalist on Nov 5, 2020.
             Slain by Sigmund
             ... wielding a +2 scythe of freezing
              (14 damage)
             ... on level 2 of the Dungeon.
             The game lasted 00:02:25 (2164 turns).

GordonOverkill the Chiller (BaIE)                   Turns: 2164, Time: 00:02:26

Health: 0/33       AC:  2    Str:  9    XL:     4   Next: 74%
Magic:  4/9        EV: 12    Int: 17    God:
Gold:   108        SH:  0    Dex: 12    Spells: 6/10 levels left

rFire    . . .     SeeInvis .   g - +0 dagger (venom)
rCold    . . .     Faith    .   (no shield)
rNeg     . . .     Spirit   .   a - +0 robe
rPois    .         Reflect  .   (no helmet)
rElec    .         Harm     .   (no cloak)
rCorr    .         Rampage  .   (no gloves)
MR       .....                  (no boots)
Stlth    ++........             (no amulet)
HPRegen  0.11/turn              (no ring)
MPRegen  0.11/turn              (no ring)

@: frozen ramparts, stab, slow
A: +LOS, swims, slowness 1, strong legs 1
a: Hop


You were on level 2 of the Dungeon.
You visited 1 branch of the dungeon, and saw 2 of its levels.

You collected 108 gold pieces.

Inventory:

Hand Weapons
 g - a +0 dagger of venom (weapon)
Armour
 a - a +0 robe (worn)
Scrolls
 b - a scroll of fear {unknown}
 c - a scroll of identify {unknown}
 f - a scroll of fog {unknown}
 h - a scroll of noise {unknown}
Potions
 d - a potion of stabbing
 i - a potion of ambrosia {unknown}


   Skills:
 + Level 2.2 Fighting
 - Level 2.1 Dodging
 - Level 1.7 Stealth
 * Level 3.8 Spellcasting
 + Level 5.5 Ice Magic


You had 6 spell levels left.
You knew the following spells:

 Your Spells              Type           Power        Failure   Level
a - Freeze                Ice            ###.         1%          1
b - Frozen Ramparts       Ice            ###...       4%          3

Your spell library contained the following spells:

 Spells                   Type           Power        Failure   Level
 Ozocubu's Armour         Ice            ###.....     4%          3
 Hailstorm                Conj/Ice       ##......     45%         4
 Summon Ice Beast         Ice/Summ       ##......     45%         4


Dungeon Overview and Level Annotations

Branches:
Dungeon (2/15)

Altars:

Annotations:
D:2 Sigmund


Innate Abilities, Weirdness & Mutations

You can be seen from farther away. (+LOS)
You can swim through water.
You cover ground slowly.
You can hop short distances.


Message History

Press: ? - help, Shift-Dir - straight line, f/p - Sigmund
Aim: Sigmund, wielding a +2 scythe of freezing and wearing a +0 robe (lightly wounded, fast)
You freeze Sigmund!
Sigmund is heavily wounded.
The wall freezes Sigmund.
Sigmund points at you and mumbles some strange words.
You are confused.
The wall freezes Sigmund.
Sigmund hits you with a +2 scythe of freezing!
* * * LOW HITPOINT WARNING * * *
Sigmund freezes you.
* * * LOW HITPOINT WARNING * * *
It was a potion of stabbing.
You feel ready to backstab.
The wall freezes Sigmund.
Sigmund barely misses you.
It was a potion of curing.
You feel better.
The wall freezes Sigmund.
Sigmund closely misses you.
The wall freezes Sigmund.
Sigmund hits you from afar with a +2 scythe of freezing!
You die...

#.# #.# ..#
... #..
#.#####.#
#.....#@#
#####@#.#
#..$#.#.#
#.....@.#
###.#.######
#.#......#
#...####.#
###.#..#
#.#..#
#.#..#


You could see Sigmund (fast).

Vanquished Creatures
  Jessica (D:2)
  2 adders (D:2)
  An ooze (D:1)
  A worm (D:2)
  3 dart slugs
  3 leopard geckos
  4 giant cockroaches
  8 goblins
  3 hobgoblins
  A quokka (D:2)
  4 bats
  4 frilled lizards (D:1)
  5 kobolds
  2 rats (D:1)
42 creatures vanquished.

Notes
Turn   | Place    | Note
-------+----------+-------------------------------------------
     0 | D:1      | GordonOverkill the Barachi Ice Elementalist began the quest
                  | for the Orb.
     0 | D:1      | Reached XP level 1. HP: 13/13 MP: 3/3
   117 | D:1      | Reached XP level 2. HP: 20/20 MP: 3/5
   161 | D:1      | Reached skill level 5 in Ice Magic
   283 | D:1      | Reached skill level 1 in Fighting
   562 | D:1      | Reached XP level 3. HP: 26/26 MP: 5/7
  1147 | D:1      | Learned a level 3 spell: Frozen Ramparts
  1441 | D:2      | Noticed Jessica
  1447 | D:2      | Killed Jessica
  1447 | D:2      | Reached XP level 4. HP: 31/33 MP: 4/9
  1646 | D:2      | Found a faded altar of an unknown god.
  2154 | D:2      | Noticed Sigmund
  2164 | D:2      | Slain by Sigmund

Illustrated notes

Levels and vault maps discovered:
D:1:      dpeg_arrival_water_temple_mockup, layout_loops_corners
D:2:      layout_basic, chequers_ecumenical_altar_grove,
          minmay_misc_feat_ornament, uniq_sigmund, uniq_jessica

Skill      XL: |  1  2  3  4 |
---------------+-------------+-----
Ice Magic      | 5 |  5.5
Fighting       | 1 2 |  2.2
Spellcasting   | 3 |  3.8
Dodging        | |  2.1
Stealth        | |  1.7

Action                   |  1- 3 |  4- 6 || total
-------------------------+-------+-------++-------
Melee: Club              |     3 |       ||     3
       Dagger            |     3 |     4 ||     7
 Cast: Freeze            |    39 |    23 ||    62
       Frozen Ramparts   |       |     1 ||     1
  Use: Potion            |       |     2 ||     2
 Stab: Sleeping          |       |     2 ||     2
Armor: Robe              |     3 |     3 ||     6
Dodge: Dodged            |    27 |    18 ||    45

Table legend: (Time is in decaauts)
 A = Elapsed time spent in this place.
 B = Non-inter-level travel time spent in this place.
 C = Inter-level travel time spent in this place.
 D = Time resting spent in this place.
 E = Time spent auto-exploring this place.
 F = Levels seen in this place.
 G = Mean time per level.
                   A        B        C        D        E       F      G
               +--------+--------+--------+--------+--------+-----+--------+
         Total |   2394 |   2331 |     63 |    813 |   1212 |   2 | 1197.0 |
       Dungeon |   2394 |   2331 |     63 |    813 |   1212 |   2 | 1197.0 |
               +--------+--------+--------+--------+--------+-----+--------+

Top non-repeatable levels by time:
     D:1: 1623 daAuts
     D:2: 771 daAuts
